Cogmind - Beta 16 @@@ ROGUE MODE // 2025.12.03 @ 21:09:59 Player: Lis Result: Destroyed by D-53 Grenadier with Mini Grenade Launcher Performance ------------- Evolutions (2) 1000 Regions Visited (4) 800 Robots Destroyed (22) 110 Value Destroyed (444) 444 Prototype IDs (6) 120 Alien Tech Used (0) 0 Bonus (431) 431 TOTAL SCORE: 2905 Bonus ------- High Alert Combat Kills 62 Follower Combat Kills 369 Cogmind --------- Core Integrity 0/550 Matter 116/300 Energy 99/100 System Corruption 2% Temperature Cool (0) Movement Flying (37) Location -8/Storage Parts ------- > --- POWER (1) -------- (None) > --- PROPULSION (4) --- Improved Flight Unit Improved Flight Unit > --- UTILITY (4) ------ Small Storage Unit Weight Redist. System > --- WEAPON (2) ------- (None) > --- INVENTORY (8) ---- Improved Ion Engine Improved Flight Unit Improved Flight Unit Improved VTOL Module Weight Redist. System Improved Medium Laser Mining Claw Peak State ------------ > --- POWER ------------ Light Ion Engine > --- PROPULSION ------- Improved Flight Unit Improved Flight Unit Improved Flight Unit Improved VTOL Module > --- UTILITY ---------- Small Storage Unit Weight Redist. System Sensor Array Sensor Array > --- WEAPON ----------- Missile Launcher > --- INVENTORY -------- Improved Flight Unit Improved Flight Unit Improved Flight Unit Improved Flight Unit Improved VTOL Module Weight Redist. System Mining Claw [Rating: 23] Favorites ----------- Power Light Ion Engine Engine Light Ion Engine Propulsion Flight Unit Leg Aluminum Leg Flight Unit Flight Unit Utility Small Storage Unit Device Sensor Array Storage Small Storage Unit Processor Signal Interpreter Weapon Light Assault Rifle Energy Gun Medium Laser Ballistic Gun Light Assault Rifle Launcher Grenade Launcher Special Melee Weapon Datajack Build | -11 -10 -9 -8 -8 ------- Run | Yrd Mat Mat Mat Sto Slots Evolved 4 | . . 2 2 . Power . | . . . . . Propulsion 2 | . . 2 . . Utility 2 | . . . 2 . Weapon . | . . . . . Parts Attached 43 | 6 8 11 4 14 Power 6 | 1 2 1 1 1 Engine 6 | 1 2 1 1 1 Core . | . . . . . Reactor . | . . . . . Propulsion 16 | 2 2 4 . 8 Treads . | . . . . . Leg 2 | 2 . . . . Wheel . | . . . . . Hover . | . . . . . Flight 14 | . 2 4 . 8 Utility 10 | 1 2 4 2 1 Device 5 | . 1 2 1 1 Storage 4 | 1 . 2 1 . Processor 1 | . 1 . . . Hackware . | . . . . . Protection . | . . . . . Artifact . | . . . . . Weapon 11 | 2 2 2 1 4 Energy Gun 2 | 1 . . . 1 Energy Cannon . | . . . . . Ballistic Gun 4 | 1 2 . . 1 Ballistic Cannon . | . . . . . Launcher 3 | . . 1 1 1 Special Weapon . | . . . . . Impact Weapon . | . . . . . Slashing Weapon . | . . . . . Piercing Weapon . | . . . . . Special Melee Weapon 2 | . . 1 . 1 Unidentified Prototypes 4 | . . . . 4 Parts Lost 21 | . . 9 . 12 Power 4 | . . 1 . 3 Propulsion 9 | . . 5 . 4 Utility 3 | . . 1 . 2 Weapon 5 | . . 2 . 3 Highest Loss Streak 9 | . . 9 . 7 To Critical Strikes . | . . . . . Average Backups 6 | 1 6 6 4 7 Power . | . 1 1 1 . Propulsion 1 | . 1 . . 3 Utility . | . . 1 . 1 Weapon 2 | . 2 2 1 2 Tool/Special . | . . . . . Unused Backups 10 | . 2 3 . 5 Power 1 | . 1 . . . Propulsion 3 | . . . . 3 Utility 2 | . . 2 . . Weapon 3 | . 1 1 . 1 Tool/Special 1 | . . . . 1 Average Slot Usage (%) 71 | . 80 61 48 74 Engine 9 | . 14 7 9 6 Leg 2 | . 7 . . . Flight 25 | . 20 29 9 29 Device 13 | . 2 13 21 23 Storage 10 | . 14 8 7 9 Processor 2 | . 6 . . . Energy Gun 1 | . 4 . . . Ballistic Gun 3 | . 10 . . . Special Melee Weapon 1 | . . 1 . 4 Peak Build Rating 23 | 6 7 9 11 23 Average Rating 10 | 4 5 6 8 18 On Entrance 5 | . 6 5 6 10 Avg Prop Armor Cover (%) 4 | . . . . 4 Naked Turns 7 | . . 7 . . Heaviest Build 15 | 13 13 13 9 15 Greatest Support 26 | 20 20 16 10 26 Greatest Overweight (x) 3 | 1 3 2 . 2 Average Overweight (x) . | . . . . . Largest Inventory Capacity 10 | 8 8 10 8 8 Average Capacity 7 | 7 8 7 7 8 Most Carried 8 | 2 8 8 7 8 Average Carried 6 | 1 6 6 4 7 Final Capacity 8 | 8 8 5 8 8 Final Carried 8 | 2 8 4 7 7 Class Distribution -------------------- 45% | Mutant 20% | Scavenger-Mutant 11% | Scavenger-Sprinter 9% | Sprinter 8% | Commander-Mutant 4% | Commander-Sprinter Dominant Class ---------------- Mutant | -10/Materials Scavenger-Sprinter | -9/Materials Mutant | -8/Materials Mutant | -8/Storage Resources | -11 -10 -9 -8 -8 ----------- Run | Yrd Mat Mat Mat Sto Matter Collected 674 | 224 84 160 . 206 Remotely . | . . . . . Salvage Created 310 | . 84 32 . 194 Parts 40 | . 14 10 . 16 Haulers Intercepted 1 | . . . . 1 Recyclers Shooed . | . . . . . Parts Field Recycled . | . . . . . Retrieved Matter . | . . . . . Parts Self-Destructed . | . . . . . Prevented . | . . . . . Parts Restored . | . . . . . Kills | -11 -10 -9 -8 -8 ------- Run | Yrd Mat Mat Mat Sto Combat Hostiles Destroyed 16 | . 6 3 . 7 Guns 6 | . 6 . . . AOE 10 | . . 3 . 7 Classes Destroyed 9 | . 1 3 . 5 Worker 3 | . . 1 . 2 Builder 1 | . . 1 . . Hauler 1 | . . . . 1 Operator 1 | . . 1 . . Swarmer 9 | . 6 3 . . Grunt 4 | . . . . 4 Duelist 1 | . . . . 1 Protector 1 | . . . . 1 Sentry 1 | . . . . 1 Best Kill Streak 9 | . 3 5 . 9 Combat Bots Only 7 | . 3 3 . 7 Max Kills in Single Turn 2 | . 2 1 . 2 Gunslinging 1 | . 1 . . . Exploded 2 | . . 1 . 2 Melee . | . . . . . Uniques/NPCs Destroyed . | . . . . . Combat | -11 -10 -9 -8 -8 -------- Run | Yrd Mat Mat Mat Sto Hostile Shots Fired 274 | . 54 89 2 129 Missed 116 | . 18 40 1 57 Hits 158 | . 36 49 1 72 Melee 1 | . . . . 1 Projectile 157 | . 36 49 1 71 AOE 10 | . . . . 10 Critical Strikes 2 | . . 1 . 1 Damage Taken 2074 | . 286 532 12 1244 Core 879 | . 70 250 . 559 Absorbed by Shields . | . . . . . Core Remaining (%) 69 | 100 72 37 . . Volleys Fired 40 | . 16 6 . 18 Largest 2 | . 2 1 . 1 Hottest 70 | . 70 30 . 56 Shots Fired 50 | . 26 6 . 18 Gun 29 | . 26 . . 3 Cannon . | . . . . . Launcher 21 | . . 6 . 15 Special . | . . . . . Kinetic 21 | . 21 . . . Thermal 8 | . 5 . . 3 Explosive 21 | . . 6 . 15 Electromagnetic . | . . . . . Robot Hit Streak 9 | . 9 . . 5 Robot Miss Streak 6 | . 6 . . 2 Penetration Max . | . . . . . Secondary Targets 2 | . 2 . . . Max Gunslinging Chain 1 | . 1 . . . Shots Hit Robots 24 | . 14 . . 10 Core Hits 38 | . 9 8 . 21 Critical Kills . | . . . . . Critical Parts Destroyed . | . . . . . Critical Strikes . | . . . . . Melee Attacks 1 | . . . . 1 Impact . | . . . . . Slashing . | . . . . . Piercing . | . . . . . Sneak Attacks 1 | . . . . 1 Combat Hostiles . | . . . . . Follow-up Attacks . | . . . . . Damage Inflicted 1289 | . 141 297 . 851 Guns 175 | . 141 . . 34 Cannons . | . . . . . Explosions 1111 | . . 294 . 817 Melee . | . . . . . Ramming 3 | . . 3 . . Kinetic 103 | . 103 . . . Thermal 72 | . 38 . . 34 Explosive 1111 | . . 294 . 817 Electromagnetic . | . . . . . Impact . | . . . . . Slashing . | . . . . . Piercing . | . . . . . Highest Corruption 2 | . 1 . . 2 Average Corruption 1 | . 1 . . 2 Corruption Purged . | . . . . . Corruption Blocked . | . . . . . Effects 4 | . . . . 4 Message Errors 1 | . . . . 1 Heat Flow Errors 1 | . . . . 1 Data Loss (minor) 2 | . . . . 2 Overload Shots . | . . . . . Overflow Damage 59 | . . 52 . 7 Projectiles . | . . . . . Explosions 59 | . . 52 . 7 Melee . | . . . . . Knockbacks . | . . . . . Impact . | . . . . . Kinetic . | . . . . . Secondary . | . . . . . Self-Inflicted Damage 123 | . . 1 . 122 Shots 5 | . . . . 5 Rammed 1 | . . 1 . . Targets Rammed 1 | . . 1 . . Kicked . | . . . . . Crushed . | . . . . . Highest Temperature 270 | . 90 . . 270 Average Temperature 51 | . 22 . . 102 Received Heat Transfer 339 | . . 87 . 252 Effects 2 | . . . . 2 Interference 2 | . . . . 2 Siege Activations . | . . . . . Martial Activations . | . . . . . Shielding Activations . | . . . . . Robots Disrupted . | . . . . . Combat Hostiles . | . . . . . Robots Corrupted . | . . . . . Combat Hostiles . | . . . . . Parts Fried . | . . . . . Impact Corruptions . | . . . . . Robots Melted . | . . . . . Combat Hostiles . | . . . . . Parts Melted 1 | . 1 . . . Heat Transferred 185 | . 111 . . 74 Parts Sabotaged . | . . . . . Parts Stolen . | . . . . . Parts Stripped . | . . . . . Power Chain Reactions . | . . . . . Alert | -11 -10 -9 -8 -8 ------- Run | Yrd Mat Mat Mat Sto Maximum Alert Level 2 | . . 1 . 2 Low Security (%) 75 | 100 100 90 100 33 Level 1 8 | . . 9 . 17 Level 2 16 | . . . . 48 Level 3 . | . . . . . Level 4 . | . . . . . Level 5 . | . . . . . High Security . | . . . . . Max Security . | . . . . . Peak Influence 603 | . 60 251 72 603 Initial 72 | . . 3 72 17 Average 145 | . 25 125 61 315 Influence Increases 1606 | . 155 388 . 1063 Destroy 0b10 Robot/C 540 | . 120 60 . 360 Destroy 0b10 Robot/NC 45 | . . 15 . 30 Destroy Leader 114 | . 20 10 . 84 Allied During Kill 207 | . . . . 207 Successful Hack 34 | . . 21 . 13 Disable Machine 30 | . . 15 . 15 Destroy Structure 81 | . . 27 . 54 Partial Spotted 120 | . . 90 . 30 Lose Combat Pursuer 435 | . 15 150 . 270 Influence Decreases 1063 | . 145 227 129 562 Entered New Map 131 | . . 7 99 25 Time Decay 482 | . 145 130 30 177 Lost Part 210 | . . 90 . 120 Lost Ally 240 | . . . . 240 Squads Dispatched 5 | . . . . 5 Investigation 1 | . . . . 1 Extermination . | . . . . . Reinforcement 2 | . . . . 2 Assault 2 | . . . . 2 Garrison . | . . . . . Intercept . | . . . . . Searches Triggered . | . . . . . Construction Impeded . | . . . . . Haulers Reinforced . | . . . . . Active Scanning Responses . | . . . . . Cargo Convoy Interrupts . | . . . . . Stealth | -11 -10 -9 -8 -8 --------- Run | Yrd Mat Mat Mat Sto Distress Signals 9 | . 2 3 . 4 Communications Jammed . | . . . . . Distress Signals . | . . . . . Times Spotted 88 | . 10 28 1 49 Peak Tracking Total 14 | . 4 12 2 14 Tactical Retreats 13 | . 1 5 . 7 Traps | -11 -10 -9 -8 -8 ------- Run | Yrd Mat Mat Mat Sto Traps Triggered 4 | . 1 . . 3 Indirectly . | . . . . . Trap Hack Attempts . | . . . . . Triggered . | . . . . . Disarmed . | . . . . . Reprogrammed . | . . . . . Reused . | . . . . . Traps Extracted . | . . . . . Installed . | . . . . . Triggered . | . . . . . Machines | -11 -10 -9 -8 -8 ---------- Run | Yrd Mat Mat Mat Sto Machines Disabled 2 | . . 1 . 1 Max in Single Turn 1 | . . 1 . 1 Machines Repaired . | . . . . . Machines Dismantled . | . . . . . Machines Sabotaged . | . . . . . Overloaded Fab Kills . | . . . . . Hacking | -11 -10 -9 -8 -8 --------- Run | Yrd Mat Mat Mat Sto Machines Accessed 15 | . 2 5 2 6 Terminals 9 | . 1 2 . 6 Fabricators . | . . . . . Repair Stations 2 | . . 1 1 . Recycling Units 3 | . 1 1 1 . Scanalyzers 1 | . . 1 . . Garrison Access . | . . . . . Total Hacks 30 | . 5 11 4 10 Successful 15 | . . 8 2 5 Failed 15 | . 5 3 2 5 Catastrophic 1 | . . . . 1 Database Lockouts . | . . . . . Manual . | . . . . . Terminals 17 | . 3 4 . 10 Fabricators . | . . . . . Repair Stations 2 | . . 1 1 . Recycling Units 6 | . 2 1 3 . Scanalyzers 5 | . . 5 . . Garrison Access . | . . . . . Terminal Hacks 7 | . . 2 . 5 Record 1 | . . . . 1 Robot Analysis 1 | . . 1 . . Prototype ID Bank 1 | . . 1 . . Open Door 3 | . . . . 3 Transport Status 1 | . . . . 1 Fabricator Hacks . | . . . . . Repair Station Hacks 2 | . . 1 1 . Scan Component 2 | . . 1 1 . Recycling Unit Hacks 2 | . . 1 1 . Retrieve Matter 1 | . . . 1 . Retrieve Components 1 | . . 1 . . Scanalyzer 4 | . . 4 . . Retrieve Study 4 | . . 4 . . Garrison Access Hacks . | . . . . . Unauthorized Hacks . | . . . . . Terminals . | . . . . . Fabricators . | . . . . . Repair Stations . | . . . . . Recycling Units . | . . . . . Scanalyzers . | . . . . . Garrison Access . | . . . . . Data Cores Recovered 1 | . . 1 . . Used . | . . . . . Hacking Detections 7 | . 1 1 2 3 Full Trace Events 1 | . . . . 1 Feedback Events . | . . . . . Feedback Blocked . | . . . . . Robot Schematics Acquired . | . . . . . Robots Built . | . . . . . Authchips . | . . . . . Time . | . . . . . Total Robot Build Rating . | . . . . . Part Schematics Acquired . | . . . . . Parts Built . | . . . . . Authchips . | . . . . . Time . | . . . . . Total Part Build Rating . | . . . . . Part Studies Acquired 4 | . . 4 . . Parts Repaired . | . . . . . Time . | . . . . . Parts Recycled . | . . . . . Recycled Matter . | . . . . . Retrieved Matter . | . . . . . Retrieved Components . | . . . . . Parts Scanalyzed . | . . . . . Part Schematics Acquired . | . . . . . Parts Damaged . | . . . . . Bothacking | -11 -10 -9 -8 -8 ------------ Run | Yrd Mat Mat Mat Sto Used RIF Installer . | . . . . . Robots Hacked . | . . . . . Non-combat . | . . . . . Combat . | . . . . . Robot Hacks Applied . | . . . . . Relay Couplers Released . | . . . . . Fabnet Peak Effective % . | . . . . . Robots Rewired . | . . . . . Allies Hacked . | . . . . . Hacks Repelled . | . . . . . Allies | -11 -10 -9 -8 -8 -------- Run | Yrd Mat Mat Mat Sto Total Allies 12 | . . . . 12 Largest Group 11 | . . . . 11 Highest-Rated Group 219 | . . . . 219 Highest-Rated Ally 31 | . . . . 31 Total Orders . | . . . . . Ally Attacks 109 | . . . . 109 Total Damage 1508 | . . . . 1508 Kills 14 | . . . . 14 Allies Corrupted . | . . . . . Allies Melted . | . . . . . Intel | -11 -10 -9 -8 -8 ------- Run | Yrd Mat Mat Mat Sto Active Infowar (turns) 592 | . 69 197 30 296 Sensors 592 | . 69 197 30 296 Robot Analysis Total 1 | . . 1 . . Derelict Logs Recovered . | . . . . . Drone Launches . | . . . . . Drone Recoveries . | . . . . . Exploration | -11 -10 -9 -8 -8 ------------- Run | Yrd Mat Mat Mat Sto Turns Passed 1112 | 67 353 261 60 371 Spaces Moved 1731 | 47 303 608 140 633 Core 107 | 6 . 100 . 1 Treads . | . . . . . Legs 92 | 41 51 . . . Wheels . | . . . . . Hover . | . . . . . Flight 1532 | . 252 508 140 632 Fastest Speed 29 | 50 37 31 35 29 Average Speed 50 | 120 93 37 35 39 Slowest Speed 290 | 190 290 200 35 150 Overloaded Moves . | . . . . . Propulsion Burnouts . | . . . . . Robots Hopped 28 | . 6 3 1 18 Potential Cave-ins 2 | . . . . 2 Cave-ins Triggered . | . . . . . Exploration Rate (%) 43 | 4 48 69 17 80 Regions Visited 4 Branch Regions 1 Pre-discovered Areas . | . . . . . Known Exits Taken 1 | . 1 . . . Unknown Exits Taken 3 | 1 . 1 1 . Scrap Searched . | . . . . . Spaces Dug 16 | . . 8 . 8 Terrain Destroyed 133 | . . 25 . 108 Melee . | . . . . . Projectile . | . . . . . AOE 133 | . . 25 . 108 Terrain Rammed . | . . . . . Walls Destroyed . | . . . . . Machines Disabled . | . . . . . Actions | -11 -10 -9 -8 -8 --------- Run | Yrd Mat Mat Mat Sto Total 1899 | 54 352 631 148 714 Wait 55 | . 4 1 2 48 Move 1674 | 46 290 601 137 600 Hop 25 | . 6 3 1 15 Pick Up 26 | 2 11 2 3 8 Fast Attach 21 | 6 2 4 3 6 Attach 16 | . 4 4 1 7 Detach 8 | . 5 . 1 2 Swap 12 | . 4 5 . 3 Drop 20 | . 10 4 . 6 Fire 40 | . 16 6 . 18 Melee 1 | . . . . 1 Ram 1 | . . 1 . . Kick . | . . . . . Crush . | . . . . . Escape Stasis . | . . . . . Rewire . | . . . . . Trap . | . . . . . Miscellaneous . | . . . . . Route ------- -11/Scrapyard -10/Materials -9/Materials -8/Materials -8/Storage History --------- Turn | Location | Event 32 | -11/Scrapyard | Discovered new exit (range 16) 68 | -11/Scrapyard | Entered Materials 279 | -10/Materials | Discovered new exit (range 10) 288 | -10/Materials | Identified exit to Materials 421 | -10/Materials | Entered another Materials area 421 | -9/Materials | Evolved 2 slots: Propulsion x2 649 | -9/Materials | Lost 9 parts (1p5n1u2w) 656 | -9/Materials | Core integrity fell below 50% 676 | -9/Materials | Discovered new exit (range 15) 682 | -9/Materials | Entered another Materials area 682 | -8/Materials | Evolved 2 slots: Utility x2 726 | -8/Materials | Discovered new exit (range 12) 742 | -8/Materials | Entered Storage 823 | -8/Storage | Assisted by bots powering up and referring to "LRC-V3" 889 | -8/Storage | Met a pair of Derelict thieves 1017 | -8/Storage | Lost 7 allies 1043 | -8/Storage | Core integrity fell below 50% 1048 | -8/Storage | Destroyed 7 combat bots 1078 | -8/Storage | Lost 7 parts (1p1n2u3w) 1099 | -8/Storage | Core integrity fell below 20% 1113 | -8/Storage | Destroyed by D-53 Grenadier with Mini Grenade Launcher Last Messages --------------- 01039_ Imp. Assault Rifle destroyed. 01042_ Terminal disabled. 01043_ The unstable cave ceiling collapses. 01043_ U-05 Engineer builds a Wall. 01047_ S-10 Pest destroyed. 01047_ Sensor Array destroyed. 01059_ Acquired Prototype Energy Gun. 01059_ Identified Imp. Medium Laser. 01069_ O-24 Administrator: "IFF HANDSHAKE FAILED. SECURING TERMINAL." 01073_ ALERT: Hostiles spotted, dispatching reinforcements to Terminal S012. 01078_ Connecting with Door Terminal... 01078_ ALERT: Suspicious activity at Terminal S010. Dispatching Investigation squad. 01078_ Imp. Flight Unit destroyed. 01086_ W-25 Informer sends out distress signal. 01086_ Imp. Flight Unit destroyed. 01093_ Acquired Deuterium Engine. 01097_ Imp. VTOL Module destroyed. 01110_ U-05 Engineer lays Concrete. 01112_ Deuterium Engine destroyed. 01113_ Acquired Imp. Ion Engine. Map ----- +----------------------------------------------------+ | ##########== # = #######/#?# #!!!!#???? | | != */%[ # ## = #?# #???? | | T %[= %!= # ## #?##T#!!!!#??# | | ####+##### # ## #??########???# | | ###?## ####+##### # ## #?????????????# | | #???# T# # # """ ##! #?????????????? | | #???# # + # """ # #?????????????? | | #???# # # # """ ## = #?????????????? | | #???####### # # """ ## #?????????##### | | #?????????# # # """ ## #????###### | | #?????????# # # ##] #????# / ## | | #?????????# # #####+## #????# ## | | #?????????# + #???# ## #????# ## | | #?????????# ##+#???# ## !#????# T# | | #?????????# #??????# ##+###+#########+###### | | #?????????# #??????# | | #?????????#########??????# | | #????????????????????##??# | | ???????????????????## ###+###+################### | | ????????????????#### # #??????????????? | | ????????????????# # ###????????????? | | ????????????????## # #????????????? | | #??????????????## # [ #????????????? | | #???????????????# # # d [ #????????????# | | ????????????????# + ##????????????# | | ????????????????# # #@[u ##???????????# | | ????????????????# ##??????????# | | ????????????????# #??????????# | | ????????????????## ## ###??????????# | | ?????????????????## # # ########????# | | ?????????????????## # ###a # sss #????# | | ??????????????????# """"" ###### | | ??????????????????# # """"" # "???" / | | ??????????????????## # "???" # "??"" ###### | | ???????????????????## ## "??"" # ""??" #????? | | ????????????????????# ## ""??" # "???" #???## | | ????????????????????# ## ????" # """"" #???#" | | ????????????????????# ## """"" # #???#" | | ???????????????????## ## # #???#" | | ???????????????????# #####+##+######+## ###### | | ???????????????????# | | ???????????????????# [ ##### | | ???????????????????# *%= #???? | | ???????????????????# ########+#########+###??? | | ???????????????????#######???????????????## #??? | | ?????????????????????????????????????????#T #??? | | ?????????????????????????????????????????##" "#??? | | ??????????????????????????????????????????#] [#??? | | ??????????????????????????????????????????#] #??? | | ??????????????????????????????????????????#] [#??? | +----------------------------------------------------+ Best States ------------- Heat Dissipation 31 Energy Generation 14 Energy Capacity 275 Matter Stores 300 Matter Capacity 300 Sight Range 16 Robot Scan Range 14 Terrain Scan Density 10 Additional Mass Support 6 Evasion (%) 64 Item Schematics ----------------- None Robot Schematics ------------------ None Fabricated ------------ Nothing Repaired ---------- Nothing Studied --------- Flight Unit | -9/Materials | Hacked Mining Claw | -9/Materials | Hacked Lgt. Ion Engine | -9/Materials | Hacked Datajack | -9/Materials | Hacked Alien Tech Used ----------------- None Achievements -------------- None Challenges ------------ None Game ------ Seed FrostHybridInsulator Manual? 0 Play Time 00:43:55 Cumulative 25.9 hours Start 2025.12.03 @ 01:05:55 End 2025.12.03 @ 21:09:59 Sessions 3 Manual Loads 0 Difficulty Rogue Special Mode None Game No. 32 Rogue 32 Adventurer 0 Explorer 0 Win Type - Total 0 Types 0/0/0/0/0/0/0/0/0/0 Lore% 11 Gallery% 24 Achievement% 20 Wizard Run 0 Options --------- Layout 0 ASCII 1 Keyboard 1 Movement Numpad Keybinds 0 Fullscreen 1 Font 24/Smallcaps Map View 113x50 Zoom Use 0% Tactical HUD 1 Map Filters NONE Filters NONE Steam 1 RUN: a9a8f286-e718-46b6-a617-88c2d4ae8341